 Dungeon Crawl Stone Soup version 0.28.0-49-g6dfe1f597d (webtiles) character file.

Game seed: 6124023408517302556

106 VictoriousLee the Slasher (level 4, -2/35 HPs)
             Began as a Demonspawn Abyssal Knight on May 16, 2022.
             Was a Priest of Lugonu.
             Slain by Grinder (5 damage)
             ... on level 3 of the Dungeon.
             The game lasted 00:15:57 (2924 turns).

VictoriousLee the Slasher (DsAK)                    Turns: 2924, Time: 00:15:58

Health: -2/35      AC:  8    Str: 15    XL:     4   Next: 55%
Magic:  4/4        EV: 12    Int: 11    God:    Lugonu [***...]
Gold:   57         SH:  4    Dex: 14    Spells: 3/3 levels left

rFire   . . .      SeeInvis .   a - +1 falchion
rCold   . . .      Faith    .   (no shield)
rNeg    . . .      Spirit   .   p - +2 ring mail of the Harvest Moon {Regen+}
rPois   .          Reflect  .   (no helmet)
rElec   .          Harm     .   (no cloak)
rCorr   .          Rampage  .   k - +0 pair of gloves
Will    .....                   (no boots)
Stlth   +.........              (no amulet)
HPRegen 0.91/turn               (no ring)
MPRegen 0.09/turn               (no ring)

@: no status effects
A: repulsion field 1, condensation shield, demonic magic 1, low MP 2, sense
surroundings 1, noise suppression
a: Renounce Religion, Depart the Abyss, Bend Space, Banish


You were on level 3 of the Dungeon.
You worshipped Lugonu.
Lugonu was most pleased with you.
You visited 1 branch of the dungeon, and saw 3 of its levels.
You visited the Abyss 1 time.

You collected 57 gold pieces.

Inventory:

Hand Weapons
 a - a +1 falchion (weapon)
 g - a +1 whip of flaming
 r - a +0 dagger of venom
Missiles
 c - 4 boomerangs of dispersal (quivered)
 d - 22 arrows
 i - 48 stones
 m - 25 bolts
 u - 5 datura-tipped darts
Armour
 b - a +0 leather armour
 k - a +0 pair of gloves (worn)
 p - the +2 ring mail of the Harvest Moon (worn) {Regen+}
   (You found it on level 2 of the Dungeon)

   Regen:     It increases your rate of health regeneration.
Jewellery
 s - a ring of resist corrosion
 w - an amulet of magic regeneration
Scrolls
 h - a scroll of identify {unknown}
 j - 2 scrolls of summoning
 l - 2 scrolls of noise {unknown}
 n - a scroll of acquirement {unknown}
 o - a scroll of fear {unknown}
 t - a scroll of vulnerability {unknown}
 v - a scroll of fog {unknown}
Potions
 e - a potion of curing
 q - a potion of mutation


   Skills:
 - Level 3.0 Fighting
 * Level 4.3 Long Blades
 - Level 1.7 Armour
 - Level 0.8 Dodging
 + Level 2.7 Invocations


You had 3 spell levels left.
You didn't know any spells.
Your spell library contained the following spells:

 Spells                   Type           Power      Damage    Failure   Level
 Animate Skeleton         Necr           0%         N/A       56%         1
 Pain                     Necr           0%         1d4       56%         1
 Corpse Rot               Necr/Air       0%         N/A       71%         2
 Poisonous Vapours        Pois/Air       0%         N/A       71%         2
 Gell's Gravitas          Tloc           0%         N/A       90%         3
 Lesser Beckoning         Tloc           0%         N/A       90%         3
 Teleport Other           Tloc           0%         N/A       90%         3
 Vampiric Draining        Necr           0%         2d6       90%         3


Dungeon Overview and Level Annotations

Branches:
Dungeon (3/15)

Altars:
Yredelemnul

Shops:
D:1 =

Annotations:
D:3 Grinder


Innate Abilities, Weirdness & Mutations

You are surrounded by a mild repulsion field. (EV +2)
A meltable shield of frost defends you. (SH +4)
Spells you cast may paralyse adjacent enemies.
Your magical capacity is very low. (-20% MP)
You passively map a small area around you.
You passively dampen the noise of your surroundings.


Message History

Grinder blinks!
You hit Grinder. You punch Grinder.
Grinder is heavily wounded.
Grinder gestures at you. Pain shoots through your body!
You hit Grinder.
Grinder is heavily wounded.
Grinder says, "I used to sell toenails on the black market."
Grinder gestures at you. Pain shoots through your body!
You slash Grinder!
Grinder is severely wounded.
Grinder closely misses you.
Grinder blinks!
Grinder closely misses you.
You hit Grinder.
Grinder is severely wounded.
Grinder says, "There's only one good use for a tongue: cutting it out."
Grinder barely misses you.
You closely miss Grinder.
Grinder is severely wounded.
Grinder gestures at you.
You suddenly lose the ability to move!
Grinder hits you.
You writhe in agony.
Grinder hits you but does no damage. Grinder hits you.
Grinder blinks!
You feel a little less clever now. Grinder gestures at you.
Pain shoots through your body!
You can move again.
Grinder hits you.
* * * LOW HITPOINT WARNING * * *
You writhe in agony.
* * * LOW HITPOINT WARNING * * *
You hit Grinder.
Grinder is severely wounded.
Grinder hits you.
* * * LOW HITPOINT WARNING * * *
You writhe in agony.
You die...

#..########## #..#
######..# #...5...#
#.#####.## * *
#.####...## # *
#.........#
##.###.####....#
*.#.....@#####.#.####
.....>.5.##........#
....###.......#.##.##
.#. *
#.............., #,*
#.###.###....## ,
#...#.# ###.# #
,*###.#.#.# .# #.. ,
#...#.#.# # ,
#....##.###.#.######


You could see Grinder.

Vanquished Creatures
  An iguana (D:3)
  An adder skeleton (D:2)
  3 dart slugs (D:1)
  9 ball pythons
  4 bats
  6 endoplasms
  9 giant cockroaches
  4 goblins
  4 hobgoblins
  5 jackals (D:1)
  6 kobolds
  4 quokkas
  3 frilled lizards
  5 rats
64 creatures vanquished.

Notes
Turn   | Place    | Note
-------+----------+-------------------------------------------
     0 | Abyss:1  | VictoriousLee the Demonspawn Abyssal Knight began the quest
                  | for the Orb.
     0 | Abyss:1  | Reached XP level 1. HP: 18/18 MP: 2/2
    28 | D:1      | Escaped the Abyss
    89 | D:1      | Reached skill level 2 in Long Blades
   144 | D:1      | Gained mutation: Spells you cast may paralyse adjacent
                  | enemies. [demonic ancestry]
   144 | D:1      | Reached XP level 2. HP: 24/24 MP: 3/3
   452 | D:1      | Found Suefodd's Jewellery Shoppe.
   593 | D:1      | Reached skill level 3 in Long Blades
   674 | D:1      | Reached ** piety under Lugonu
   777 | D:1      | Gained mutation: A meltable shield of frost defends you.
                  | (SH +4) [demonic ancestry]
   777 | D:1      | Reached XP level 3. HP: 27/29 MP: 4/4
  1930 | D:2      | Reached skill level 4 in Long Blades
  1930 | D:2      | Gained mutation: You are surrounded by a mild repulsion
                  | field. (EV +2) [demonic ancestry]
  1930 | D:2      | Reached XP level 4. HP: 23/35 MP: 5/5
  2055 | D:2      | Identified the +2 ring mail of the Harvest Moon {Regen+}
  2148 | D:2      | Found a basalt altar of Yredelemnul.
  2841 | D:3      | Noticed Grinder
  2858 | D:3      | Paralysed by Grinder for 6 turns
  2864 | D:3      | Gained mutation: You passively map a small area around you.
                  | [potion of mutation]
  2864 | D:3      | Gained mutation: Your magical capacity is low. (-10% MP)
                  | [potion of mutation]
  2864 | D:3      | Gained mutation: Your magical capacity is very low. (-20%
                  | MP) [potion of mutation]
  2864 | D:3      | Gained mutation: You passively dampen the noise of your
                  | surroundings. [potion of mutation]
  2876 | D:3      | Reached *** piety under Lugonu
  2878 | D:3      | Paralysed by Grinder for 4 turns
  2916 | D:3      | Paralysed by Grinder for 6 turns
  2924 | D:3      | Slain by Grinder

Illustrated notes

Levels and vault maps discovered:
D:1:      heliophobic_arrival_dark_side_of_the_moon, layout_basic,
          shapermc_ecumenical_altar_petra, serial_shops, shop_fountains,
          minmay_worlds_worst_comb
D:2:      layout_basic, basic_altar, kennysheep_generic_room_10
D:3:      layout_loops_ring, grunt_decor_clamped, serial_bayou_pond_e,
          uniq_jessica, uniq_grinder, uniq_terence

Skill      XL: |  1  2  3 |
---------------+----------+-----
Long Blades    | 2 3 4 |  4.3
Fighting       | |  3.0
Armour         | |  1.7
Dodging        | |  0.8
Invocations    | |  2.7

Action                   |  1- 3 |  4- 6 || total
-------------------------+-------+-------++-------
Melee: Falchion          |   185 |    46 ||   231
       Punch             |       |     2 ||     2
  Use: Potion            |       |     4 ||     4
       Scroll            |       |     1 ||     1
 Stab: Sleeping          |     1 |       ||     1
Armor: Leather armour    |    55 |     1 ||    56
       Ring mail         |       |    14 ||    14
Dodge: Dodged            |    98 |    22 ||   120
Block: Other             |    15 |     5 ||    20
